 Dungeon Crawl Stone Soup version 0.31-a0-259-g771a54ca4b (webtiles) character file.

Game seed: 14672875302016184728

14 qw the Shooter (level 2, 0/24 HPs)
             Began as a Minotaur Hexslinger on July 13, 2023.
             Succumbed to a kobold's poison
             ... on level 1 of the Dungeon.
             The game lasted 00:00:09 (380 turns).

qw the Shooter (Minotaur Hexslinger)                 Turns: 380, Time: 00:00:09

Health: 0/24       AC:  2    Str: 12    XL:     2   Next: 27%
Magic:  2/2        EV: 12    Int: 10    God:
Gold:   42         SH:  0    Dex: 12    Spells: 2/3 levels left

rFire   . . .        a - +1 sling
rCold   . . .        (no shield)
rNeg    . . .        c - +0 robe
rPois   .            (helmet restricted)
rElec   .            (no cloak)
rCorr   .            (no gloves)
SInv    .            (no boots)
Will    .....        (no amulet)
Stlth   +            (no ring)
HPRegen 0.24/turn    (no ring)
MPRegen 0.08/turn

%: no passive effects
@: lethally poisoned (0 -> -27)
A: horns 2, retaliatory headbutt
a: no special abilities


You were on level 1 of the Dungeon.
You visited 1 branch of the dungeon, and saw 1 of its levels.

You collected 42 gold pieces.


Innate Abilities, Weirdness & Mutations

You have a pair of horns on your head.
You reflexively headbutt those who attack you in melee.


   Skills:
 + Level 1.7 Fighting
 - Level 3.1 Ranged Weapons
 - Level 2.1 Dodging
 - Level 1.0 Spellcasting
 - Level 2.0 Hexes


You had 2 spell levels left.
You knew the following spells:

 Your Spells              Type           Power      Damage    Failure   Level
a - Slow                  Hex            16%        N/A       16%         1

Your spell library contained the following spells:

 Spells                   Type           Power      Damage    Failure   Level
 Inner Flame              Hex/Fire       2%         N/A       56%         3
 Portal Projectile        Hex/Tloc       4%         N/A       56%         3
 Cause Fear               Hex            2%         N/A       83%         4

Inventory:

Hand Weapons
 a - a +1 sling (weapon)
Armour
 c - a +0 robe (worn)
Scrolls
 b - a scroll of poison
 d - a scroll of teleportation {unknown}
 f - 2 scrolls of identify {unknown}
Potions
 e - a potion of curing {unknown}
 g - a potion of magic {unknown}

Dungeon Overview and Level Annotations

Branches:
Dungeon (1/15)

Altars:


Message History

You kill the ball python!
You shoot a sling bullet. The sling bullet hits the goblin.
You kill the goblin!
You see here a +0 dagger.
g - a cyan potion
Enter note:
Enter note:
Found a stone staircase leading down.
Enter note:
Enter note: You open the door.
A giant cockroach, a kobold, 2 rats and 2 hobgoblins come into view.
A hobgoblin is wielding a staff of conjuration.
The kobold is wielding a +2 dagger of venom.
The hobgoblin shouts! x2; The kobold shouts!
Enter note:
Enter note:
Enter note: You shoot a sling bullet.
The sling bullet closely misses the kobold.
The sling bullet closely misses the rat.
The sling bullet closely misses the hobgoblin.
The kobold hits you with a +2 dagger of venom.
You are poisoned.
You shoot a sling bullet.
The sling bullet closely misses the kobold.
The sling bullet hits the rat.
The rat is severely wounded.
You feel very sick.
The kobold hits you with a +2 dagger of venom.
You are lethally poisoned!
You shoot a sling bullet.
The sling bullet hits the kobold but does no damage.
You feel very sick. The kobold hits you but does no damage.
You are more poisoned.
You shoot a sling bullet.
The sling bullet closely misses the kobold.
The sling bullet closely misses the rat.
The sling bullet closely misses the giant cockroach.
You die...

####### ......#
#########
###...####.......#
###.......##.#####.#
.>.............# #.#
#........##.#.###%##
#.##...####.#......#
#...# #.#####).#
###@# #........# #K#
########.#


rrg #.## ..Bg. ####..### ....... #........ ......... #.....#.#
..........+........... ...........####..~~~~~~ #..~##### You could see a giant
cockroach, 2 hobgoblins, a kobold and 2 rats.

Vanquished Creatures
  4 goblins (D:1)
  3 hobgoblins (D:1)
  2 kobolds (D:1)
  2 ball pythons (D:1)
  A rat (D:1)
12 creatures vanquished.

Notes
Turn   | Place    | Note
-------+----------+-------------------------------------------
     0 | D:1      | qw the Minotaur Hexslinger began the quest for the Orb.
     0 | D:1      | Reached XP level 1. HP: 16/16 MP: 1/1
     0 | D:1      | 0 ||| qw: Version: 0.3-a-52-g30416fa
     0 | D:1      | 0 ||| qw: Game counter: 6939
     0 | D:1      | 0 ||| qw: Melee chars always use a shield: true
     0 | D:1      | 0 ||| qw: God list: Okawaru
     0 | D:1      | 0 ||| qw: Allow faded altars: false
     0 | D:1      | 0 ||| qw: Do Orc after clearing Dungeon:15 true
     0 | D:1      | 0 ||| qw: Do second Lair branch before Depths: true
     0 | D:1      | 0 ||| qw: Lair rune preference: random
     0 | D:1      | 0 ||| qw: Goals: Normal
     0 | D:1      | 0 ||| PLANNING D:1-11
    78 | D:1      | 78 ||| FLEEEEING.
   138 | D:1      | Reached skill level 3 in Ranged Weapons
   138 | D:1      | Reached XP level 2. HP: 23/23 MP: 2/2
   202 | D:1      | 202 ||| Stepping ~*~*~tactically~*~*~ (outnumbered).
   380 | D:1      | Succumbed to a kobold's poison

Levels and vault maps discovered:
D:1:      saegor_arrival_fortress, layout_loops_corners

Skill      XL: |  1 |
---------------+----+-----
Ranged Weapons | 3 |  3.1
Fighting       | |  1.7
Dodging        | |  2.1
Spellcasting   | |  1.0
Hexes          | |  2.0

Action                     || total
---------------------------++-------
   Fire: Sling             ||    33
 Armour: Robe              ||     4
  Dodge: Dodged            ||     3

Table legend:
 A = Non-vault XP
 B = Vault XP
 C = Vault XP percentage of total XP
 D = Non-vault monster count
 E = Vault monster count
 F = Vault count percentage of total count
                 A         B        C        D         E       F
            +---------+---------+-------+---------+---------+-------
      Total |      20 |       0 |   0.0 |      12 |       0 |   0.0
            +---------+---------+-------+---------+---------+-------
        D:1 |      20 |       0 |   0.0 |      12 |       0 |   0.0
            +---------+---------+-------+---------+---------+-------
